 Dungeon Crawl Stone Soup version 0.20.1-1-g8b1a95d (webtiles) character file.

7189 Knicklaso the Grappler (level 10, -3/98 HPs)
             Began as a Troll Monk on July 19, 2017.
             Slain by a two-headed ogre
             ... wielding a +0 giant club
              (24 damage)
             ... on level 8 of the Dungeon.
             The game lasted 00:26:20 (7585 turns).

Knicklaso the Grappler (Troll Monk)                 Turns: 7585, Time: 00:26:20

Health: -3/98      AC:  5    Str: 21 (22) XL:     10   Next: 87%
Magic:  12/12      EV: 12    Int:  6      God:
Gold:   248        SH:  0    Dex: 12      Spells: 9/9 levels left

rFire    . . .     SeeInvis .     - Unarmed
rCold    . . .     Gourm    +   (no shield)
rNeg     . . .     Faith    .   a - +0 robe
rPois    .         Spirit   .   (helmet restricted)
rElec    .         Reflect  .   (no cloak)
rCorr    .         Harm     .   (gloves unavailable)
MR       .....                  (boots unavailable)
Stlth    +++.......             (no amulet)
Regen    0.7/turn               (no ring)
MPRegen  0.2/turn               (no ring)

@: no status effects
A: unfitting armour, claws 3, camouflage 1, deterioration 1, fast metabolism 3,
gourmand, regeneration 1, shaggy fur 1, tough skin 2, weak 1, subdued magic 1
a: no special abilities


You were on level 8 of the Dungeon.
You were completely stuffed.

You visited 1 branch of the dungeon, and saw 9 of its levels.
You also visited: Sewer and Ossuary.

You collected 741 gold pieces.
You spent 493 gold pieces at shops.

Inventory:

Missiles
 y - 2 tomahawks of returning (quivered)
Armour
 a - a +0 robe (worn)
 e - a +0 cloak
 T - the +4 robe of the Curious Orbs {rPois Str-5 Int+5 Dex+4, unknown}
   (You found it on level 8 of the Dungeon)

   It affects your strength (-5).
   It affects your intelligence (+5).
   It affects your dexterity (+4).
   It protects you from poison.
Jewellery
 K - an uncursed amulet of guardian spirit {unknown}
 P - an uncursed ring of wizardry {unknown}
 Q - an uncursed amulet of the gourmand {unknown}
 R - an uncursed ring of stealth {unknown}
Wands
 t - a wand of random effects (0/48)
 F - a wand of polymorph (0/24)
 H - a wand of disintegration (8/24)
 J - a wand of scattershot (4/9)
 L - a wand of acid (4/15)
 S - a wand of paralysis (13/24)
 U - a wand of clouds (5/9)
Scrolls
 f - 7 scrolls of amnesia {unknown}
 g - 3 scrolls of enchant armour {unknown}
 h - 3 scrolls of noise
 i - 7 scrolls of remove curse
 l - 3 scrolls of fear
 p - 10 scrolls of identify
 r - 5 scrolls of blinking {unknown}
 u - 2 scrolls of enchant weapon {unknown}
 v - a scroll of fog
 w - 4 scrolls of magic mapping
 B - 4 scrolls of teleportation
 D - 2 scrolls of random uselessness
 E - 2 scrolls of recharging
 N - a scroll of immolation
 O - a scroll of holy word
Potions
 c - 3 potions of heal wounds
 j - 3 potions of magic
 k - 4 potions of curing {unknown}
 m - 6 potions of agility {unknown}
 n - a potion of berserk rage {unknown}
 o - 3 potions of lignification {unknown}
 q - 8 potions of brilliance {unknown}
 x - 2 potions of degeneration {unknown}
 z - a potion of might {unknown}
 A - 3 potions of haste {unknown}
 C - 3 potions of resistance {unknown}
Books
 G - a book of Changes

   Spells                             Type                      Level
   a - Beastly Appendage              Transmutation                1
   b - Sticks to Snakes               Transmutation                2
   c - Spider Form                    Transmutation/Poison         3
   d - Ice Form                       Ice/Transmutation            4
   e - Blade Hands                    Transmutation                5
 M - Sif Muna's Tome of Illusion
   (You found it on level 7 of the Dungeon)

   Spells                             Type                      Level
   a - Summon Small Mammal            Summoning                    1
Comestibles
 b - 6 bread rations
 d - 5 meat rations
 s - a royal jelly


   Skills:
 + Level 6.2 Fighting
 + Level 6.1 Dodging
 - Level 1.0 Stealth
 + Level 12.1 Unarmed Combat
 + Level 5.1 Evocations


You had 9 spell levels left.
You didn't know any spells.

Dungeon Overview and Level Annotations

Branches:
Dungeon (9/15)             Temple (0/1) D:7            Lair (0/6) D:8
    Orc: D:9-12

Altars:
Ashenzari
Elyvilon
Kikubaaqudgha
Makhleb
Qazlal
Sif Muna
Vehumet
Xom
Zin

Shops:
D:5 ?   D:8 ?


Innate Abilities, Weirdness & Mutations

You are too large for most types of armour.
You have claws for hands.
Your metabolism is lightning-fast.
You like to eat raw meat.
Your natural rate of healing is unusually fast.
You are covered in fur. (AC +1)
You have very tough skin. (AC +2)
Your skin changes colour to match your surroundings (Stealth+).
Your body sometimes deteriorates upon taking damage.
You are weak. (Str -2)
Your spells are a little easier to cast, but a little less powerful.


Message History

You scratch the two-headed ogre.
The two-headed ogre is severely wounded.
The two-headed ogre hits you with a giant club!!
The two-headed ogre hits you but does no damage.
You scratch the two-headed ogre but do no damage.
The two-headed ogre is severely wounded.
All of the chunks of flesh in your inventory have rotted away.
You scratch the two-headed ogre but do no damage.
The two-headed ogre is severely wounded.
The two-headed ogre hits you with a giant club!!
The two-headed ogre hits you with a giant club!
* * * LOW HITPOINT WARNING * * *
You closely miss the two-headed ogre.
The two-headed ogre is severely wounded.
You barely miss the two-headed ogre.
The two-headed ogre is severely wounded.
The two-headed ogre hits you with a giant club.
* * * LOW HITPOINT WARNING * * *
The two-headed ogre hits you with a giant club!!
You die...

..............#..)####.........##
..............#).#..##...........
..[...........####..####.........
..............#...####.....[.....
..................#....#.........
..............#...###..##........
###.##........####..#..##........
..#....)......#).#..#..##........
..###.........#O@.###..#...#.....
..#...........#######............
..#..............................
.(#..........#...................
..(..........#................###
.............####.###.........##.
.##..........# #..##.........#..
.##..........# ##.######........
.#...........# ##..### #........


You could see a two-headed ogre.

Vanquished Creatures
  2 two-headed ogres (D:8)
  A torpor snail (D:8)
  A meliai (D:8)
  3 yaks (D:9)
  A vampire (D:8)
  A hungry ghost (D:8)
  Edmund (D:6)
  2 wargs (D:8)
  A water moccasin (D:7)
  2 orc warriors
  5 ice beasts
  A black bear (D:6)
  A phantom (D:6)
  6 sky beasts
  2 ogres
  A centaur (D:8)
  5 big kobolds (D:4)
  9 bullfrogs
  2 scorpions
  A howler monkey (D:6)
  4 crimson imps
  A centaur zombie (D:6)
  3 hounds
  A jelly (D:8)
  15 orc wizards
  4 orc priests
  2 centaur skeletons
  3 iguanas
  3 worker ants
  2 hound skeletons (D:4)
  8 mummies (Ossuary)
  A howler monkey zombie (D:6)
  A worker ant zombie (D:9)
  7 gnolls
  7 adders
  2 river rats (Sewer)
  2 shadow imps (D:6)
  An ooze (D:7)
  An adder zombie (D:5)
  2 adder skeletons
  2 worms
  A dart slug (D:2)
  2 leopard geckos
  36 orcs
  7 bats
  7 giant cockroaches
  5 goblins
  6 hobgoblins
  2 jackals (D:6)
  3 quokkas
  7 ball pythons
  10 frilled lizards
  2 hobgoblin zombies (Ossuary)
  52 kobolds
  3 kobold zombies (Ossuary)
  3 orc zombies (Ossuary)
  17 rats
283 creatures vanquished.

Notes
Turn   | Place    | Note
-------+----------+-------------------------------------------
     0 | D:1      | Knicklaso the Troll Monk began the quest for the Orb.
     0 | D:1      | Reached XP level 1. HP: 22/22 MP: 0/0
   334 | D:1      | Reached XP level 2. HP: 21/29 MP: 1/1
  1209 | D:2      | Reached skill level 4 in Unarmed Combat
  1596 | D:2      | Reached XP level 3. HP: 27/36 MP: 2/2
  1867 | D:3      | Found a faded altar of an unknown god.
  2030 | D:3      | Reached XP level 4. HP: 44/44 MP: 3/3
  2069 | D:3      | Found a glowing drain.
  2076 | D:3      | Reached skill level 5 in Unarmed Combat
  2086 | Sewer    | Entered a sewer
  2657 | D:4      | Reached XP level 5. HP: 37/50 MP: 4/4
  2658 | D:4      | Reached skill level 6 in Unarmed Combat
  2768 | D:4      | Noticed an ogre
  2778 | D:4      | Killed an ogre
  2778 | D:4      | Reached skill level 7 in Unarmed Combat
  2778 | D:4      | Reached XP level 6. HP: 49/59 MP: 5/5
  3090 | D:4      | Reached skill level 8 in Unarmed Combat
  3090 | D:4      | Reached XP level 7. HP: 49/66 MP: 6/6
  3308 | D:4      | Reached skill level 9 in Unarmed Combat
  3434 | D:4      | Found a glowing silver altar of Zin.
  3909 | D:5      | Entered Level 5 of the Dungeon
  3911 | D:5      | Found Eckenitz's Magic Scroll Shop.
  3925 | D:5      | Bought a scroll of random uselessness for 12 gold pieces
  3925 | D:5      | Bought a scroll of magic mapping for 42 gold pieces
  3925 | D:5      | Bought a scroll of identify for 24 gold pieces
  3925 | D:5      | Bought a scroll of teleportation for 36 gold pieces
  3925 | D:5      | Bought a scroll of recharging for 114 gold pieces
  4019 | D:5      | Reached XP level 8. HP: 74/74 MP: 7/7
  4217 | D:5      | Reached skill level 10 in Unarmed Combat
  4724 | D:6      | Found a sand-covered staircase.
  4733 | Ossuary  | Entered an ossuary
  4816 | Ossuary  | Reached skill level 1 in Evocations
  5140 | D:6      | Reached XP level 9. HP: 54/83 MP: 9/9
  5254 | D:6      | Noticed Edmund
  5265 | D:6      | Killed Edmund
  5634 | D:6      | Found a white marble altar of Elyvilon.
  5634 | D:6      | Found a stormy altar of Qazlal.
  5891 | D:7      | Reached skill level 11 in Unarmed Combat
  5915 | D:7      | Found a staircase to the Ecumenical Temple.
  6074 | D:7      | HP: 2/85 [orc warrior/hand axe of flaming (6)]
  6341 | D:7      | Found a radiant altar of Vehumet.
  6350 | D:7      | Found an ancient bone altar of Kikubaaqudgha.
  6359 | D:7      | Found a deep blue altar of Sif Muna.
  6382 | D:7      | Identified Sif Muna's Tome of Illusion
  6552 | D:8      | Found Kuwee's Magic Scroll Boutique.
  6579 | D:8      | Bought a scroll of fog for 26 gold pieces
  6579 | D:8      | Bought a scroll of immolation for 45 gold pieces
  6579 | D:8      | Bought a scroll of fear for 45 gold pieces
  6579 | D:8      | Bought a scroll of noise for 13 gold pieces
  6579 | D:8      | Bought a scroll of holy word for 97 gold pieces
  6579 | D:8      | Bought a scroll of remove curse for 39 gold pieces
  6628 | D:8      | Noticed a two-headed ogre
  6652 | D:8      | Killed a two-headed ogre
  6652 | D:8      | Reached skill level 5 in Fighting
  6652 | D:8      | Reached skill level 5 in Dodging
  6652 | D:8      | Reached XP level 10. HP: 61/96 MP: 10/12
  6869 | D:8      | Noticed a two-headed ogre
  6873 | D:8      | Noticed a torpor snail
  6873 | D:8      | a two-headed ogre changed into a torpor snail
  6899 | D:9      | Found a shattered altar of Ashenzari.
  7029 | D:8      | Killed a torpor snail
  7037 | D:8      | Gained mutation: You are frail. (-10% HP) [mutagenic meat]
  7200 | D:8      | Found a shimmering altar of Xom.
  7201 | D:8      | Found a burning altar of Makhleb.
  7286 | D:8      | Found a staircase to the Lair.
  7286 | D:8      | Noticed a two-headed ogre
  7299 | D:8      | Killed a two-headed ogre
  7299 | D:8      | Reached skill level 12 in Unarmed Combat
  7378 | D:8      | Got a creamy pearl robe
  7419 | D:8      | Reached skill level 5 in Evocations
  7522 | D:8      | Gained mutation: Your body sometimes deteriorates upon taking damage. [mutagenic meat]
  7523 | D:8      | Gained mutation: You are weak. (Str -2) [mutagenic meat]
  7524 | D:8      | Gained mutation: Your spells are a little easier to cast, but a little less powerful. [mutagenic meat]
  7525 | D:8      | Lost mutation: You are frail. (-10% HP) [mutagenic meat]
  7526 | D:8      | Gained mutation: Your skin changes colour to match your surroundings (Stealth+). [mutagenic meat]
  7577 | D:8      | Noticed a two-headed ogre
  7585 | D:8      | Slain by a two-headed ogre

Skill      XL: |  1  2  3  4  5  6  7  8  9 10 |
---------------+-------------------------------+-----
Unarmed Combat | 4 5 7 8 9 10 11 12 | 12.1
Evocations     | 2 4 5 |  5.1
Fighting       | 3 5 6 |  6.2
Dodging        | 3 5 6 |  6.1
Stealth        | |  1.0

Action                   |  1- 3 |  4- 6 |  7- 9 | 10-12 || total
-------------------------+-------+-------+-------+-------++-------
Melee: Unarmed           |    99 |   164 |   410 |   120 ||   793
       Punch             |       |     4 |    17 |     9 ||    30
Throw: Tomahawk          |       |     2 |       |       ||     2
Evoke: Wand              |       |       |     3 |     4 ||     7
  Use: Scroll            |       |       |     3 |     2 ||     5
       Potion            |       |       |     2 |       ||     2
 Stab: Sleeping          |     5 |     9 |     1 |     1 ||    16
  Eat: Chunk             |    21 |    10 |    33 |    22 ||    86
       Royal jelly       |     1 |       |       |       ||     1
       Fruit             |     1 |       |       |       ||     1
Armor: Robe              |    38 |    52 |   104 |    15 ||   209
Dodge: Dodged            |    53 |    75 |   201 |    30 ||   359
